 Dungeon Crawl Stone Soup version 0.29.1-1-gd02db6906a (webtiles) character file.

Game seed: 967002674419738748

3774 LustLizard the Grappler (level 9, -8/92 HPs)
             Began as a Troll Fighter on Sept 19, 2022.
             Was a Follower of Wu Jian.
             Shot with an arrow by a centaur warrior (14 damage)
             ... on level 8 of the Dungeon.
             The game lasted 00:14:30 (6252 turns).

LustLizard the Grappler (Troll Fighter)             Turns: 6252, Time: 00:14:30

Health: -8/92      AC:  5    Str: 26    XL:     9   Next: 95%
Magic:  8/8        EV:  9    Int:  8    God:    Wu Jian [*.....]
Gold:   433        SH:  9    Dex:  9    Spells: 8/8 levels left

rFire   . . .      SeeInvis .     - Unarmed
rCold   . . .      Faith    .   b - +0 kite shield
rNeg    . . .      Spirit   .   a - +0 robe
rPois   .          Reflect  .   (helmet restricted)
rElec   .          Harm     .   w - +0 cloak
rCorr   +          Rampage  .   (gloves unavailable)
Will    .....                   (boots unavailable)
Stlth   +.........              (no amulet)
HPRegen 1.05/turn               q - ring of resist corrosion
MPRegen 0.11/turn               r - +4 ring of slaying

@: no status effects
A: large, unfitting armour, claws 3, regeneration 1, shaggy fur 1, tough skin 1
a: Renounce Religion


You were on level 8 of the Dungeon.
You worshipped Wu Jian.
Wu Jian was aware of your devotion.
You visited 2 branches of the dungeon, and saw 9 of its levels.
You also visited: Sewer.

You collected 433 gold pieces.

Inventory:

Missiles
 j - 83 stones
 B - 8 poisoned darts
 G - 2 boomerangs
 J - 5 javelins
Armour
 a - a +0 robe (worn)
 b - a +0 kite shield (worn)
 p - a +0 tower shield of cold resistance
 w - a +0 cloak (worn)
Jewellery
 q - a ring of resist corrosion (left claw)
 r - a +4 ring of slaying (right claw)
 E - a ring of protection from cold
Wands
 h - a wand of mindburst (6) (quivered)
 m - a wand of charming (28)
 D - a wand of flame (20)
Scrolls
 d - 4 scrolls of teleportation
 f - a scroll of poison {unknown}
 g - a scroll of magic mapping {unknown}
 i - a scroll of vulnerability {unknown}
 l - 3 scrolls of enchant armour {unknown}
 n - a scroll of fear {unknown}
 x - 2 scrolls of blinking {unknown}
 y - a scroll of torment {unknown}
 A - a scroll of enchant weapon {unknown}
 C - 2 scrolls of immolation
 H - a scroll of butterflies {unknown}
 I - a scroll of silence {unknown}
 K - a scroll of amnesia {unknown}
 L - a scroll of noise {unknown}
Potions
 c - 3 potions of might
 e - 3 potions of brilliance
 k - 4 potions of heal wounds
 o - 2 potions of resistance
 s - 5 potions of curing
 t - a potion of haste
 u - a potion of attraction
 v - 3 potions of mutation
 z - 5 potions of flight
 F - a potion of cancellation


   Skills:
 + Level 6.5 Fighting
 - Level 2.4 Dodging
 + Level 7.1 Shields
 * Level 10.3 Unarmed Combat


You had 8 spell levels left.
You didn't know any spells.
Your spell library contained the following spells:

 Spells                   Type           Power      Damage    Failure   Level
 Apportation              Tloc           0%         N/A       65%         1
 Necrotise                Necr           0%         1d4       65%         1
 Summon Small Mammal      Summ           0%         N/A       65%         1
 Dazzling Flash           Conj/Hex       0%         N/A       95%         3
 Agony                    Necr           0%         N/A       100%        5
 Silence                  Hex/Air        0%         N/A       100%        5
 Summon Forest            Summ/Tloc      0%         N/A       100%        5
 Eringya's Noxious Bog    Tmut/Pois      0%         N/A       100%        6
 Summon Hydra             Summ           0%         N/A       100%        7


Dungeon Overview and Level Annotations

Branches:
Dungeon (8/15)             Temple (1/1) D:6           Sewer (visited)
   Lair: D:8-11

Altars:
Ashenzari
Cheibriados
Dithmenos
Fedhas
Gozag
Hepliaklqana
Kikubaaqudgha
Makhleb
Nemelex Xobeh
Okawaru
Qazlal
Ru
Sif Muna
Trog
Uskayaw
Vehumet
Wu Jian
Xom
Yredelemnul
Zin
The Shining One


Innate Abilities, Weirdness & Mutations

You are too large for most types of armour.
You have claws for hands.
Your natural rate of healing is unusually fast.
You are covered in fur. (AC +1)
You have tough skin. (AC +1)


Message History

A centaur warrior comes into view.
The manticore bites you.
The manticore claws you but does no damage.
The manticore claws you.
You claw the manticore!
The manticore is almost dead.
You mangle the manticore!!
You kill the manticore!
The Council accepts your kill.
The centaur warrior wields a +0 shortbow.
The centaur warrior shoots an arrow.
You block the arrow.
Your Shields skill increases to level 7!
Aiming: Mindburst
Press: ? - help, Q - select action, (/) - cycle Shift-Dir - straight line, f - centaur warrior
Aim: a centaur warrior, wielding a +0 shortbow (chance to affect: 47%)
The centaur warrior resists with some effort.
You carefully extract the barbed spikes from your body.
The centaur warrior shoots an arrow.
The arrow hits you!
The centaur warrior shoots an arrow.
The arrow hits you!
Aiming: Mindburst
Press: ? - help, Q - select action, (/) - cycle Shift-Dir - straight line, f/p - centaur warrior
Aim: a centaur warrior, wielding a +0 shortbow (chance to affect: 47%)
The centaur warrior resists with some effort.
The centaur warrior shoots an arrow.
The arrow hits you!
Unknown command.
Aiming: Mindburst
Press: ? - help, Q - select action, (/) - cycle Shift-Dir - straight line, f/p - centaur warrior
Aim: a centaur warrior, wielding a +0 shortbow (chance to affect: 47%)
The centaur warrior's mind is blasted!!
The centaur warrior shoots an arrow.
The arrow hits you!
* * * LOW HITPOINT WARNING * * *
The centaur warrior shoots an arrow.
The arrow hits you!!
* * * LOW HITPOINT WARNING * * *
Aiming: Mindburst
Press: ? - help, Q - select action, (/) - cycle Shift-Dir - straight line, f/p - centaur warrior
Aim: a centaur warrior, wielding a +0 shortbow (heavily wounded, chance to affect: 47%)
The centaur warrior resists with some effort.
You hear the slow hiss of a very distant avalanche of sand.
The centaur warrior shoots an arrow.
The arrow hits you!
You die...

#....# #....# #....# #######
#....# ........# #....#
........## # ####'#
.........##.# ###...#
.........†c# #.....# ........@#
#.....# .........# #.....#
##......# ###'#### #.....##
#......# #.....#########......#
#....................#
###########........<...........#
..............######...........#
..............# . #..)........#


You could see a centaur warrior.

Vanquished Creatures
  A manticore (D:8)
  Sigmund (D:3)
  Eustachio (D:5)
  2 water moccasins
  A black bear (D:5)
  A sky beast (D:7)
  2 ice beasts
  A hornet zombie (D:6)
  2 centaurs
  3 phantoms
  A bullfrog (D:8)
  A wyvern zombie (D:6)
  3 necrophages
  A scorpion (D:5)
  3 wights (D:7)
  3 water moccasin zombies (D:6)
  4 killer bees (D:7)
  4 bullfrog zombies (D:6)
  2 jellies
  2 hounds (D:4)
  5 orc priests
  2 centaur zombies (D:6)
  A gnoll bouda (D:5)
  8 iguanas
  7 orc wizards
  5 gnolls (D:5)
  A howler monkey skeleton (D:6)
  8 adders
  5 river rats
  2 worms
  3 dart slugs
  28 orcs
  6 endoplasms
  7 giant cockroaches
  9 hobgoblins
  10 jackals
  3 quokkas
  9 ball pythons
  12 bats
  6 frilled lizards
  8 goblins
  4 kobolds
  6 rats
194 creatures vanquished.

Notes
Turn   | Place    | Note
-------+----------+-------------------------------------------
     0 | D:1      | LustLizard the Troll Fighter began the quest for the Orb.
     0 | D:1      | Reached XP level 1. HP: 22/22 MP: 0/0
   203 | D:1      | Reached XP level 2. HP: 29/29 MP: 1/1
   379 | D:1      | You fall into a shaft and drop 1 floor!
   383 | D:2      | Found a faded altar of an unknown god.
   438 | D:1      | Reached XP level 3. HP: 36/36 MP: 2/2
   975 | D:2      | Reached skill level 3 in Unarmed Combat
  1412 | D:2      | Reached XP level 4. HP: 44/44 MP: 3/3
  1655 | D:3      | Noticed Sigmund
  1674 | D:3      | Killed Sigmund
  1675 | D:3      | Reached skill level 4 in Unarmed Combat
  1675 | D:3      | Reached XP level 5. HP: 40/53 MP: 4/4
  1827 | D:4      | Noticed an ice beast
  1840 | D:4      | Killed an ice beast
  1841 | D:4      | Reached XP level 6. HP: 48/61 MP: 5/5
  1899 | D:4      | Reached skill level 5 in Unarmed Combat
  2204 | D:4      | Found a glowing drain.
  2217 | Sewer    | Entered a sewer
  3159 | D:4      | Reached XP level 7. HP: 66/66 MP: 6/6
  3680 | D:5      | Entered Level 5 of the Dungeon
  3704 | D:5      | Reached skill level 6 in Unarmed Combat
  3832 | D:5      | Noticed Eustachio
  3858 | D:5      | Killed Eustachio
  3859 | D:5      | Reached skill level 5 in Shields
  3859 | D:5      | Reached XP level 8. HP: 22/79 MP: 7/7
  4003 | D:5      | Reached skill level 7 in Unarmed Combat
  4176 | D:5      | Found a glowing golden altar of the Shining One.
  4177 | D:5      | Found an opulent altar of Gozag.
  4579 | D:6      | Reached skill level 5 in Fighting
  4629 | D:6      | Reached skill level 8 in Unarmed Combat
  4717 | D:6      | Reached XP level 9. HP: 84/88 MP: 8/8
  4957 | D:6      | Reached skill level 9 in Unarmed Combat
  5047 | D:6      | Found a staircase to the Ecumenical Temple.
  5053 | Temple   | Entered the Ecumenical Temple
  5325 | Temple   | Became a worshipper of the Wu Jian Council
  6054 | D:7      | Reached skill level 10 in Unarmed Combat
  6116 | D:8      | Reached * piety under Wu Jian
  6242 | D:8      | Noticed a manticore
  6246 | D:8      | Noticed a centaur warrior
  6248 | D:8      | Killed a manticore
  6252 | D:8      | Shot with an arrow by a centaur warrior

Illustrated notes

Levels and vault maps discovered:
D:1:      dpeg_arrival_signposts, layout_basic, minmay_hedge_maze
D:2:      layout_basic, hellmonk_ecumenical_altar_lost_god,
          minmay_misc_feat_five
D:3:      layout_rooms, uniq_sigmund
D:4:      layout_basic, gup_sewer_entry_bubbles, kennysheep_cross_room,
          minmay_goblin_outpost
D:5:      layout_cave_pools, gammafunk_temple_overflow_statue, uniq_eustachio
D:6:      layout_cave_pools, minmay_temple_entry_fiery, serial_undead,
          serial_undead_a, serial_undead_b, serial_undead_d, serial_undead_d,
          serial_undead_a, serial_undead_b, serial_undead_a
D:7:      layout_basic, kennysheep_generic_room_8
D:8:      minmay_cornered_nines, layout_gridville, nicolae_ossuary_entry_giza
Temple:   mainiacjoe_temple_cubbyholes

Skill      XL: |  1  2  3  4  5  6  7  8  9 |
---------------+----------------------------+-----
Shields        | 3 4 5 6 7 |  7.1
Unarmed Combat | 3 4 5 6 8 10 | 10.3
Fighting       | 3 4 5 6 |  6.5
Dodging        | |  2.4

Action                   |  1- 3 |  4- 6 |  7- 9 || total
-------------------------+-------+-------+-------++-------
Melee: Unarmed           |   128 |   133 |   293 ||   554
Throw: Stone             |       |       |     2 ||     2
Invok: Lunge             |       |       |     5 ||     5
Evoke: Wand              |       |       |     7 ||     7
  Use: Scroll            |       |     6 |     4 ||    10
       Potion            |       |     3 |     1 ||     4
 Stab: Sleeping          |     2 |     2 |     1 ||     5
Armor: Robe              |    56 |    47 |    78 ||   181
Dodge: Dodged            |    68 |    40 |    99 ||   207
Block: Kite shield       |    68 |    66 |   128 ||   262
